 Dungeon Crawl Stone Soup version 0.31-a0-826-ga5cc291a1b (webtiles) character file.

Game seed: 13120553875426361095

99 qw the Shooter (level 4, 0/28 HPs)
             Began as a Gargoyle Hunter on Sept 23, 2023.
             Slain by Robin
             ... wielding a +0 spear
              (2 damage)
             ... on level 3 of the Dungeon.
             The game lasted 00:00:34 (1635 turns).

qw the Shooter (Gargoyle Hunter)                    Turns: 1635, Time: 00:00:34

Health: 0/28       AC:  6    Str: 14    XL:     4   Next: 72%
Magic:  4/4        EV: 11    Int: 10    God:
Gold:   126        SH:  0    Dex: 15    Spells: 3/3 levels left

rFire   . . .        Y - +1 shortbow
rCold   + . .        (shield currently unavailable)
rNeg    + . .        c - +0 leather armour
rPois   inf          (no helmet)
rElec   +            (no cloak)
rCorr   .            (no gloves)
SInv    .            (no boots)
Will    .....        (no amulet)
Stlth   ++           d - ring of protection from cold
HPRegen 0.24/turn    (no ring)
MPRegen 0.09/turn

%: no passive effects
@: no status effects
A: sickness immunity, AC +3, negative energy resistance 1, electricity
resistance, torment resistance 1, petrification resistance
a: no special abilities


You were on level 3 of the Dungeon.
You visited 1 branch of the dungeon, and saw 3 of its levels.

You collected 126 gold pieces.


Innate Abilities, Weirdness & Mutations

You are immune to sickness and miasma.
Your stone body is resilient. (AC +3)
You are immune to poison.
You resist negative energy. (rN+)
You are resistant to electric shocks. (rElec)
You are resistant to unholy torment.
You are immune to petrification.


   Skills:
 - Level 3.0 Fighting
 + Level 5.6 Ranged Weapons
 - Level 1.5 Dodging
 - Level 1.1 Stealth


You had 3 spell levels left.
You didn't know any spells.
Your spell library was empty.

Inventory:

Hand Weapons
 Y - a +1 shortbow (weapon)
Armour
 c - a +0 leather armour (worn)
Jewellery
 d - a ring of protection from cold (left hand)
Potions
 e - a potion of curing

Dungeon Overview and Level Annotations

Branches:
Dungeon (3/15)

Altars:

Annotations:
D:3 Robin


Message History

The hobgoblin is heavily wounded.
The hobgoblin closely misses you. The goblin hits you with a +0 club.
Robin hits you but does no damage.
You shoot an arrow. The arrow hits the hobgoblin.
You kill the hobgoblin!
The goblin hits you with a +0 club. Robin throws the goblin at you!
You shoot an arrow. The arrow hits the goblin!
You kill the goblin!
Robin hits you from afar with a +0 spear.
The goblin hits you with a +0 dagger. The goblin misses you.
You shoot an arrow. The arrow hits the goblin.
You kill the goblin!
The goblin hits you with a +0 club.
Robin hits you from afar with a +0 spear.
The goblin hits you with a +0 dagger.
You shoot an arrow. The arrow hits the goblin.
The goblin is almost dead.
The goblin barely misses you. Robin hits you but does no damage.
The goblin hits you with a +0 dagger. x2; The goblin misses you.
Robin hits you but does no damage.
You shoot an arrow. The arrow hits the goblin!
You kill the goblin!
The goblin barely misses you. Robin misses you.
You shoot an arrow. The arrow hits the goblin.
You kill the goblin!
Robin closely misses you.
You shoot an arrow.
The arrow hits Robin but does no damage.
Robin hits you from afar with a +0 spear.
You shoot an arrow. The arrow hits Robin.
Robin is moderately wounded.
Robin hits you but does no damage.
You shoot an arrow. The arrow hits Robin.
Robin is heavily wounded.
Robin closely misses you.
You shoot an arrow. The arrow hits Robin.
Robin is severely wounded.
Robin hits you from afar with a +0 spear.
You die...
Robin calls out, "Let's celebrate!
Time for a feast!"

#.##.# #.# #..
.....# #.# .##
..##.# #.# ...
.###.# #.# ..#
.###.#### #.# .)#
..>.....# #.# ..#
..##.##.# #.# .g#
..##.##.###.#####).#
...............)@).#
#.##.##.##########.#
#.##.##.# #
#..>....# ###..####
#.## #. #.


You could see Robin.

Vanquished Creatures
  4 adders
  A worm (D:2)
  2 endoplasms
  2 giant cockroaches (D:1)
  16 goblins
  5 hobgoblins
  8 ball pythons
  6 bats
  3 frilled lizards
  4 kobolds
  4 rats
55 creatures vanquished.

Notes
Turn   | Place    | Note
-------+----------+-------------------------------------------
     0 | D:1      | qw the Gargoyle Hunter began the quest for the Orb.
     0 | D:1      | Reached XP level 1. HP: 12/12 MP: 1/1
     0 | D:1      | 0 ||| qw: Version: 0.3-a-83-gcd0e7d8
     0 | D:1      | 0 ||| qw: Game counter: 1889
     0 | D:1      | 0 ||| qw: Melee chars always use a shield: true
     0 | D:1      | 0 ||| qw: God list: Okawaru
     0 | D:1      | 0 ||| qw: Allow faded altars: false
     0 | D:1      | 0 ||| qw: Do Orc after clearing Dungeon:15 true
     0 | D:1      | 0 ||| qw: Do second Lair branch before Depths: true
     0 | D:1      | 0 ||| qw: Lair rune preference: random
     0 | D:1      | 0 ||| qw: Goals: Normal
     0 | D:1      | 0 ||| PLANNING D:1-11
   115 | D:1      | Reached XP level 2. HP: 17/17 MP: 2/2
   579 | D:1      | Found a faded altar of an unknown god.
   744 | D:1      | 744 ||| UPGRADING to ring of protection from cold.
   745 | D:1      | 745 ||| READING scroll labelled ADEIZUD WUYCH.
   746 | D:1      | 746 ||| DROPPING scroll of butterflies.
   810 | D:2      | Reached XP level 3. HP: 21/21 MP: 3/3
   836 | D:2      | Reached skill level 5 in Ranged Weapons
   851 | D:2      | HP: 4/22 [worm (6)]
  1050 | D:2      | Reached skill level 3 in Fighting
  1134 | D:2      | Reached XP level 4. HP: 27/28 MP: 4/4
  1503 | D:2      | 1503 ||| READING scroll labelled ZYRIAD ME WECW.
  1504 | D:2      | 1504 ||| READING scroll labelled AMA ZENOMITIOR.
  1505 | D:2      | 1505 ||| READING scroll labelled MOHYSCH PAMAI.
  1506 | D:2      | 1506 ||| DRINKING 2 cyan potions.
  1620 | D:3      | Noticed Robin
  1628 | D:3      | HP: 4/28 [goblin/+0 dagger[Robin] (4)]
  1635 | D:3      | Slain by Robin

Levels and vault maps discovered:
D:1:      enne_arrival_octagon_isle, layout_basic,
          hellmonk_ecumenical_altar_prayer_group
D:2:      layout_loops_ring, minmay_cupped
D:3:      layout_loops_ring, lemuel_tele_altar, uniq_terence, uniq_robin

Skill      XL: |  1  2  3 |
---------------+----------+-----
Ranged Weapons | 5 |  5.6
Fighting       | 3 |  3.0
Dodging        | |  1.5
Stealth        | |  1.1

Action                     |  1- 3 |  4- 6 || total
---------------------------+-------+-------++-------
   Fire: Shortbow          |    88 |    46 ||   134
    Use: Scroll            |     1 |     3 ||     4
         Potion            |       |     1 ||     1
 Armour: Leather armour    |    26 |    27 ||    53
  Dodge: Dodged            |    15 |    15 ||    30

Table legend:
 A = Non-vault XP
 B = Vault XP
 C = Vault XP percentage of total XP
 D = Non-vault monster count
 E = Vault monster count
 F = Vault count percentage of total count
                 A         B        C        D         E       F
            +---------+---------+-------+---------+---------+-------
      Total |     106 |      36 |  25.4 |      37 |      18 |  32.7
            +---------+---------+-------+---------+---------+-------
        D:1 |      27 |       5 |  15.6 |      16 |       3 |  15.8
        D:2 |      65 |      11 |  14.5 |      19 |       5 |  20.8
        D:3 |      14 |      20 |  58.8 |       2 |      10 |  83.3
            +---------+---------+-------+---------+---------+-------
